 Dungeon Crawl Stone Soup version 0.27-a0-909-g0721f309d1 (webtiles) character file.

Game seed: 14249025976673136046

501 dmks the Firebug (level 6, 0/45 HPs)
             Began as a Draconian Fire Elementalist on Apr 8, 2021.
             Succumbed to a scorpion's poison
             ... on level 4 of the Dungeon.
             The game lasted 00:20:01 (6087 turns).

dmks the Firebug (Draconian Fire Elementalist)      Turns: 6087, Time: 00:20:02

Health: 0/45       AC:  7    Str: 10    XL:     6   Next: 95%
Magic:  9/11       EV: 12    Int: 24    God:
Gold:   167        SH:  0    Dex: 11    Spells: 8/12 levels left

rFire    . . .     SeeInvis .   f - staff of cold
rCold    + . .     Faith    .   (no shield)
rNeg     + . .     Spirit   .   (armour unavailable)
rPois    .         Reflect  .   (helmet restricted)
rElec    .         Harm     .   (no cloak)
rCorr    .         Rampage  .   b - +0 pair of gloves
Will     .....                  (no boots)
Stlth    ++........             (no amulet)
HPRegen  0.15/turn              i - ring of positive energy
MPRegen  0.12/turn              n - +6 ring of intelligence

@: lethally poisoned (0 -> -3), on berserk cooldown, flying, slowed, very slow
A: AC +6, unfitting armour, cold-blooded
a: no special abilities


You were on level 4 of the Dungeon.
You visited 1 branch of the dungeon, and saw 5 of its levels.

You collected 167 gold pieces.

Inventory:

Hand Weapons
 c - a +0 dagger
   (You took it off a goblin on level 1 of the Dungeon)
Armour
 b - a +0 pair of gloves (worn)
   (You found it on level 1 of the Dungeon)
Magical Staves
 f - a staff of cold (weapon)
   (You found it on level 1 of the Dungeon)
Jewellery
 i - a ring of positive energy (left hand)
   (You found it on level 2 of the Dungeon)
 n - a +6 ring of intelligence (right hand)
   (You found it on level 3 of the Dungeon)
Wands
 l - a wand of polymorph (10)
   (You found it on level 3 of the Dungeon)
 t - a wand of flame (13)
   (You took it off Natasha on level 3 of the Dungeon)
 u - a wand of paralysis (6)
   (You found it on level 4 of the Dungeon)
Scrolls
 d - a scroll of amnesia {unknown}
 m - a scroll of enchant weapon {unknown}
 o - a scroll of torment {unknown}
 q - a scroll of identify {unknown}
 s - a scroll of enchant armour {unknown}
Potions
 a - a potion of degeneration {unknown}
 e - a potion of magic {unknown}
 j - a potion of resistance {unknown}


   Skills:
 + Level 2.9 Dodging
 + Level 3.3 Stealth
 * Level 3.9 Spellcasting
 + Level 2.8 Conjurations
 * Level 4.9 Fire Magic


You had 8 spell levels left.
You knew the following spells:

 Your Spells              Type           Power      Damage    Failure   Level
a - Foxfire               Conj/Fire      92%        2x1d8     1%          1
d - Conjure Flame         Conj/Fire      23%        6-21      6%          3

Your spell library contained the following spells:

 Spells                   Type           Power      Damage    Failure   Level
 Magic Dart               Conj           72%        1d6       3%          1
 Corona                   Hex            4%         N/A       10%         1
 Inner Flame              Hex/Fire       16%        N/A       11%         3
 Blink                    Tloc           N/A        N/A       16%         2
 Call Imp                 Summ           4%         N/A       16%         2
 Ensorcelled Hibernation  Hex/Ice        14%        N/A       16%         2
 Slow                     Hex            4%         N/A       16%         2
 Dazzling Flash           Conj/Hex       22%        N/A       17%         3
 Mephitic Cloud           Conj/Pois/Air  9%         N/A       21%         3
 Sticky Flame             Conj/Fire      23%        2d4       21%         4
 Confusing Touch          Hex            4%         N/A       30%         3
 Tukima's Dance           Hex            4%         N/A       30%         3
 Fireball                 Conj/Fire      11%        3d7       50%         5


Dungeon Overview and Level Annotations

Branches:
Dungeon (5/15)
 Temple: D:4-7

Altars:
Fedhas
Kikubaaqudgha
Trog
Uskayaw

Shops:
D:1 [


Innate Abilities, Weirdness & Mutations

Your plain brown scales are hard. (AC +6)
You cannot fit into any form of body armour.
You are cold-blooded and may be slowed by cold attacks.


Message History

The scorpion stings you.
You are poisoned.
The scorpion poisons you!
You conjure some foxfire!
The ogre shouts!
You feel very sick. The scorpion barely misses you. The scorpion stings you.
* * * LOW HITPOINT WARNING * * *
You feel sick.
The foxfire hits the scorpion. x2
The scorpion barely misses you.
You feel sick. The scorpion barely misses you.
You feel sick.
You feel sick.
You feel sick. The scorpion stings you.
* * * LOW HITPOINT WARNING * * *
You are more poisoned.
The scorpion poisons you!
* * * LOW HITPOINT WARNING * * *
You feel sick.
It was a potion of berserk rage.
A red film seems to cover your vision as you go berserk!
You feel yourself moving faster!
You feel mighty!
You feel sick. The scorpion stings you.
* * * LOW HITPOINT WARNING * * *
You are too berserk!
You are too berserk!
You are too berserk!
You hit the scorpion!
You kill the scorpion!
* * * LOW HITPOINT WARNING * * *
You feel sick.
You are too berserk!
* * * LOW HITPOINT WARNING * * *
You feel sick.
You are too berserk!
Unknown command.
You are too berserk!
Unknown command.
You feel a strong urge to attack something.
* * * LOW HITPOINT WARNING * * *
You feel sick.
* * * LOW HITPOINT WARNING * * *
You feel sick.
You feel your anger nearly subside.
You are no longer berserk.
You are exhausted.
You feel yourself slow down.
It was a potion of flight.
You feel very buoyant.
You fly up into the air.
You die...

#..#####.#<..........#
#......... #.## #.#.#.###.#####
########## #.# #.#.#.# #.#
#.######...#.# #.#
.............# #.#
########.....# #.# #
######.....# #.# # #..........#
#.# # #..........###@###### #
#........#..........###########
#
#...<....#..##.#...............
#
#........##.##.#O##.###########
# #........##.##.#†##.# #
###########..#.#.##.# #
###.#'#.##.# ####### #
#.......##.# #.....#
############.).....##.# #.###.#


You could see an ogre.

Vanquished Creatures
  An ogre (D:4)
  2 scorpions (D:4)
  A centaur skeleton (D:4)
  Ijyb (D:3)
  Natasha (thrice) (D:3)
  A hound skeleton (D:4)
  Robin (D:2)
  5 adders
  2 worms
  2 dart slugs
  2 orcs
  6 bats
  5 endoplasms
  4 giant cockroaches
  12 goblins
  7 hobgoblins
  12 jackals
  8 quokkas
  9 ball pythons
  3 frilled lizards
  7 kobolds
  2 rats
96 creatures vanquished.

Vanquished Creatures (collateral kills)
  3 foxfires (D:1)
3 creatures vanquished.

Vanquished Creatures (others)
  327 foxfires
  2 plants (D:4)
  3 withered plants (D:4)
332 creatures vanquished.

Grand Total: 431 creatures vanquished

Notes
Turn   | Place    | Note
-------+----------+-------------------------------------------
     0 | D:1      | dmks the Draconian Fire Elementalist began the quest for
                  | the Orb.
     0 | D:1      | Reached XP level 1. HP: 14/14 MP: 3/3
   129 | D:1      | Found Toakk's Antique Armour Shop.
   377 | D:1      | Reached XP level 2. HP: 20/20 MP: 1/5
   497 | D:1      | Found a faded altar of an unknown god.
  1160 | D:1      | Reached XP level 3. HP: 21/26 MP: 2/6
  1346 | D:2      | Noticed Robin
  2223 | D:2      | Killed Robin
  2311 | D:2      | Reached XP level 4. HP: 33/33 MP: 5/7
  3437 | D:3      | Noticed Ijyb
  3517 | D:3      | Killed Ijyb
  3518 | D:3      | Reached skill level 4 in Fire Magic
  3518 | D:3      | Reached XP level 5. HP: 38/38 MP: 1/9
  3603 | D:3      | Noticed Natasha
  3615 | D:3      | Killed Natasha
  3656 | D:3      | Noticed Natasha
  3662 | D:3      | Killed Natasha
  4022 | D:3      | Noticed Natasha
  4027 | D:3      | Killed Natasha
  4153 | D:4      | Learned a level 3 spell: Conjure Flame
  4223 | D:4      | Found a hide-covered altar of Uskayaw.
  4223 | D:4      | Found a bloodstained altar of Trog.
  4656 | D:4      | Reached XP level 6. HP: 39/45 MP: 1/11
  5176 | D:4      | Found a blossoming altar of Fedhas.
  5179 | D:4      | Found an ancient bone altar of Kikubaaqudgha.
  5760 | D:5      | Entered Level 5 of the Dungeon
  6085 | D:4      | HP: 3/67 [poisoned by a scorpion]
  6087 | D:4      | Succumbed to a scorpion's poison

Illustrated notes

Levels and vault maps discovered:
D:1:      roderic_dead_forest, layout_loops_cross, serial_shops,
          nicolae_shop_stone, shapermc_ecumenical_altar_gd
D:2:      layout_basic, uniq_robin
D:3:      layout_loops_cross, minmay_puff, uniq_natasha, uniq_ijyb
D:4:      layout_basic, grunt_temple_overflow_growth_and_decay,
          jmf_multi_god_temple
D:5:      layout_loops_ring, serial_rivers, chequers_serial_rivers_marsh,
          chequers_serial_rivers_micro_d, chequers_serial_rivers_micro_a,
          chequers_serial_rivers_marsh, chequers_serial_rivers_micro_b,
          serial_shops, shop, st_stairs_13, kennysheep_generic_room_8

Skill      XL: |  1  2  3  4  5 |
---------------+----------------+-----
Stealth        | 2 3 |  3.3
Dodging        | 2 |  2.9
Spellcasting   | 3 |  3.9
Fire Magic     | 4 |  4.9
Conjurations   | 2 |  2.8

Action                   |  1- 3 |  4- 6 || total
-------------------------+-------+-------++-------
Melee: Unarmed           |     5 |       ||     5
       Tailslap          |     2 |       ||     2
       Staff             |     5 |    32 ||    37
 Cast: Foxfire           |    80 |   133 ||   213
       Conjure Flame     |       |    14 ||    14
  Use: Potion            |       |     5 ||     5
       Scroll            |       |     2 ||     2
Armor: Skin              |    36 |    53 ||    89
Dodge: Dodged            |    68 |   113 ||   181

Table legend: (Time is in decaauts)
 A = Elapsed time spent in this place.
 B = Non-inter-level travel time spent in this place.
 C = Inter-level travel time spent in this place.
 D = Time resting spent in this place.
 E = Time spent auto-exploring this place.
 F = Levels seen in this place.
 G = Mean time per level.
                   A        B        C        D        E       F      G
               +--------+--------+--------+--------+--------+-----+--------+
         Total |   6097 |   5950 |    147 |   1691 |   2824 |   5 | 1219.4 |
       Dungeon |   6097 |   5950 |    147 |   1691 |   2824 |   5 | 1219.4 |
               +--------+--------+--------+--------+--------+-----+--------+

Top non-repeatable levels by time:
     D:4: 1935 daAuts
     D:1: 1691 daAuts
     D:3: 1346 daAuts
     D:2: 1111 daAuts
     D:5: 12 daAuts
